[ AOE2 MATCH · #467636726 ]
Team RMKhitans vs Khmer
[ REPLAY ANALYSIS · EXTRACTED FROM THE RECORDED GAME ]
Feudal
17:29
Castle
26:28
Imperial
39:26
| APM avg | 9.6 |
| APM peak | 22 |
| eAPM avg | 7.4 |
| Villagers / military | 39 / 44 |
Focus
⚔️ 37.9% · 🌾 62.1%
Steppe Lancer ×24 · Scout Cavalry ×18 · Unknown (1920) ×17 · Fishing Ship ×11 · Battering Ram ×2
Feudal
18:18
Castle
25:15
Imperial
39:11
| APM avg | 10.9 |
| APM peak | 37 |
| eAPM avg | 7.8 |
| Villagers / military | 54 / 28 |
Focus
⚔️ 22.8% · 🌾 77.2%
Knight ×11 · Archer ×10 · Trade Cog ×6 · Spearman ×5 · Fishing Ship ×4 · Unknown (2626) ×4
Feudal
22:11
Castle
33:40
Imperial
—
| APM avg | 11.9 |
| APM peak | 25 |
| eAPM avg | 8.2 |
| Villagers / military | 81 / 10 |
Focus
⚔️ 14.1% · 🌾 85.9%
Fishing Ship ×25 · Galley ×10
Feudal
19:47
Castle
37:49
Imperial
—
| APM avg | 11.6 |
| APM peak | 28 |
| eAPM avg | 4.7 |
| Villagers / military | 43 / 22 |
Focus
⚔️ 22.0% · 🌾 78.0%
Scout Cavalry ×19 · Fishing Ship ×10 · Monk ×3 · Trade Cart ×2
Feudal
14:14
Castle
32:26
Imperial
—
| APM avg | 21.3 |
| APM peak | 64 |
| eAPM avg | 10.7 |
| Villagers / military | 73 / 23 |
Focus
⚔️ 20.1% · 🌾 79.9%
Scout Cavalry ×9 · Fishing Ship ×7 · Spearman ×6 · Battle Elephant ×3 · Mangonel ×3 · Battering Ram ×1
Feudal
13:13
Castle
19:37
Imperial
37:51
| APM avg | 30.3 |
| APM peak | 65 |
| eAPM avg | 14.4 |
| Villagers / military | 81 / 79 |
Focus
⚔️ 19.8% · 🌾 80.2%
Archer ×69 · Fishing Ship ×12 · Galley ×8 · Monk ×2
Feudal
30:08
Castle
—
Imperial
—
| APM avg | 6.8 |
| APM peak | 39 |
| eAPM avg | 3.9 |
| Villagers / military | 34 / 28 |
Focus
⚔️ 38.8% · 🌾 61.2%
Eagle Scout ×24 · Militia ×4
Feudal
21:59
Castle
31:10
Imperial
—
| APM avg | 19.6 |
| APM peak | 71 |
| eAPM avg | 8.3 |
| Villagers / military | 66 / 54 |
Focus
⚔️ 30.5% · 🌾 69.5%
Spearman ×34 · Skirmisher ×20 · Unknown (2550) ×14
Match map
Resources at game start + every placement click. Thick line = wall · dashed box = detected house wall. 🟡 gold · ⚪ stone · 🟢 berries · 🔶 boar · ⭕ relic
Inputs per minute
— 07jriley - - GuilhermeGui27
Build order — 07jriley
First 150 of 164 actions detected
| 0:13 | Build | Town Center |
| 2:31 | Build | House |
| 2:41 | Build | Dock |
| 2:45 | Create | Villager (Male) |
| 2:45 | Create | Villager (Male) |
| 2:45 | Create | Villager (Male) |
| 2:46 | Create | Villager (Male) |
| 2:46 | Create | Villager (Male) |
| 4:25 | Create | Fishing Ship |
| 5:22 | Create | Villager (Male) |
| 5:54 | Create | Villager (Male) |
| 6:08 | Create | Villager (Male) |
| 6:45 | Create | Villager (Male) |
| 6:46 | Create | Villager (Male) |
| 7:14 | Build | House |
| 7:17 | Build | House |
| 7:39 | Create | Villager (Male) |
| 8:19 | Create | Villager (Male) |
| 8:21 | Create | Villager (Male) |
| 8:24 | Create | Fishing Ship |
| 8:50 | Create | Fishing Ship |
| 9:32 | Create | Villager (Male) |
| 9:33 | Create | Villager (Male) |
| 9:37 | Create | Villager (Male) |
| 9:51 | Build | Pasture |
| 10:51 | Create | Fishing Ship |
| 11:05 | Build | Barracks |
| 11:19 | Build | House |
| 11:22 | Create | Villager (Male) |
| 11:24 | Create | Villager (Male) |
| 11:29 | Create | Fishing Ship |
| 11:59 | Create | Villager (Male) |
| 12:16 | Build | Mining Camp |
| 12:23 | Create | Fishing Ship |
| 12:26 | Create | Villager (Male) |
| 12:48 | Build | Mill |
| 13:08 | Build | House |
| 13:13 | Build | House |
| 13:30 | Create | Villager (Male) |
| 13:31 | Create | Villager (Male) |
| 13:34 | Create | Fishing Ship |
| 14:14 | Build | Pasture |
| 14:42 | Create | Villager (Male) |
| 14:46 | Create | Fishing Ship |
| 15:19 | Research | Feudal Age |
| 15:30 | Create | Fishing Ship |
| 15:33 | Create | Fishing Ship |
| 16:23 | Build | Dock |
| 16:57 | Create | Fishing Ship |
| 17:19 | Build | Lumber Camp |
| 17:29 | Build | House |
| 17:29 | Age | Feudal Age |
| 17:32 | Build | House |
| 17:38 | Build | Stable |
| 17:49 | Research | Wheelbarrow |
| 18:10 | Build | Blacksmith |
| 18:13 | Create | Scout Cavalry |
| 18:14 | Create | Scout Cavalry |
| 18:14 | Create | Scout Cavalry |
| 18:15 | Create | Scout Cavalry |
| 18:15 | Create | Scout Cavalry |
| 18:15 | Create | Scout Cavalry |
| 18:16 | Create | Scout Cavalry |
| 18:29 | Build | House |
| 18:45 | Build | Stable |
| 18:47 | Research | Forging |
| 19:24 | Create | Scout Cavalry |
| 19:24 | Create | Scout Cavalry |
| 19:25 | Create | Scout Cavalry |
| 19:25 | Create | Scout Cavalry |
| 19:25 | Create | Scout Cavalry |
| 20:26 | Create | Scout Cavalry |
| 20:26 | Create | Scout Cavalry |
| 20:26 | Create | Scout Cavalry |
| 20:27 | Create | Scout Cavalry |
| 20:53 | Build | Pasture |
| 21:01 | Build | Pasture |
| 21:03 | Create | Villager (Male) |
| 21:04 | Create | Villager (Male) |
| 21:04 | Create | Villager (Male) |
| 21:15 | Build | Pasture |
| 21:26 | Build | Market |
| 21:52 | Research | Scale Barding Armor |
| 22:44 | Build | Mining Camp |
| 23:48 | Research | Castle Age |
| 24:01 | Research | Stone Mining |
| 24:24 | Create | Scout Cavalry |
| 24:26 | Create | Scout Cavalry |
| 25:54 | Research | Fletching |
| 26:28 | Age | Castle Age |
| 26:31 | Build | Castle |
| 27:55 | Research | Hand Cart |
| 28:03 | Research | Tech 906 |
| 28:12 | Research | Gold Mining |
| 28:18 | Create | Unit 1920 |
| 28:49 | Create | Villager (Male) |
| 28:50 | Create | Villager (Male) |
| 29:09 | Create | Unit 1920 |
| 29:10 | Create | Unit 1920 |
| 29:41 | Create | Steppe Lancer |
| 29:42 | Create | Steppe Lancer |
| 29:42 | Create | Steppe Lancer |
| 29:42 | Create | Steppe Lancer |
| 29:42 | Create | Steppe Lancer |
| 29:43 | Create | Steppe Lancer |
| 29:43 | Create | Steppe Lancer |
| 30:02 | Create | Unit 1920 |
| 30:27 | Research | Bodkin Arrow |
| 30:33 | Create | Villager (Male) |
| 30:34 | Create | Villager (Male) |
| 30:34 | Create | Villager (Male) |
| 30:34 | Create | Villager (Male) |
| 30:46 | Build | Lumber Camp |
| 30:58 | Build | Stone Wall |
| 31:21 | Build | Pasture |
| 31:41 | Build | Stone Wall |
| 31:55 | Research | Husbandry |
| 32:00 | Create | Steppe Lancer |
| 32:01 | Create | Steppe Lancer |
| 32:01 | Create | Steppe Lancer |
| 32:02 | Create | Steppe Lancer |
| 32:02 | Create | Steppe Lancer |
| 32:02 | Create | Steppe Lancer |
| 32:03 | Create | Steppe Lancer |
| 32:03 | Create | Steppe Lancer |
| 32:10 | Build | Pasture |
| 32:14 | Create | Villager (Male) |
| 32:52 | Research | Stone Shaft Mining |
| 34:13 | Create | Villager (Male) |
| 34:13 | Create | Villager (Male) |
| 34:37 | Research | Iron Casting |
| 36:16 | Research | Imperial Age |
| 36:39 | Create | Unit 1920 |
| 36:40 | Create | Unit 1920 |
| 36:40 | Create | Unit 1920 |
| 36:41 | Create | Unit 1920 |
| 36:41 | Create | Unit 1920 |
| 36:41 | Create | Unit 1920 |
| 36:41 | Create | Unit 1920 |
| 37:23 | Build | Siege Workshop |
| 38:06 | Create | Battering Ram |
| 38:07 | Create | Battering Ram |
| 38:11 | Create | Unit 1920 |
| 38:11 | Create | Unit 1920 |
| 38:11 | Create | Unit 1920 |
| 38:11 | Create | Unit 1920 |
| 38:12 | Create | Unit 1920 |
| 38:12 | Create | Unit 1920 |
| 39:26 | Age | Imperial Age |
| 39:45 | Research | Gillnets |
Build order — GuilhermeGui27
First 150 of 168 actions detected
| 0:46 | Build | Town Center |
| 1:18 | Build | House |
| 1:20 | Build | House |
| 1:51 | Build | House |
| 1:53 | Build | House |
| 3:13 | Research | Loom |
| 3:13 | Create | Villager (Male) |
| 3:14 | Create | Villager (Male) |
| 3:14 | Create | Villager (Male) |
| 3:14 | Create | Villager (Male) |
| 4:29 | Create | Villager (Male) |
| 4:59 | Create | Villager (Male) |
| 5:25 | Build | Mill |
| 5:33 | Create | Villager (Male) |
| 5:43 | Create | Villager (Male) |
| 6:30 | Create | Villager (Male) |
| 6:30 | Create | Villager (Male) |
| 7:13 | Create | Villager (Male) |
| 7:54 | Create | Villager (Male) |
| 7:54 | Create | Villager (Male) |
| 8:05 | Create | Villager (Male) |
| 9:10 | Build | Mill |
| 9:19 | Create | Villager (Male) |
| 9:19 | Create | Villager (Male) |
| 9:20 | Create | Villager (Male) |
| 9:20 | Create | Villager (Male) |
| 9:45 | Create | Villager (Male) |
| 10:06 | Build | Lumber Camp |
| 10:31 | Create | Villager (Male) |
| 10:32 | Create | Villager (Male) |
| 11:03 | Create | Villager (Male) |
| 11:04 | Create | Villager (Male) |
| 11:25 | Build | House |
| 11:27 | Build | House |
| 12:10 | Create | Villager (Male) |
| 12:24 | Create | Villager (Male) |
| 14:01 | Create | Villager (Male) |
| 14:18 | Create | Villager (Male) |
| 14:18 | Create | Villager (Male) |
| 14:19 | Create | Villager (Male) |
| 14:20 | Create | Villager (Male) |
| 14:43 | Build | Barracks |
| 15:22 | Build | House |
| 15:24 | Build | House |
| 15:25 | Build | House |
| 15:26 | Build | House |
| 15:36 | Research | Feudal Age |
| 17:32 | Create | Villager (Male) |
| 17:33 | Create | Villager (Male) |
| 17:33 | Create | Villager (Male) |
| 17:34 | Create | Villager (Male) |
| 18:18 | Age | Feudal Age |
| 18:37 | Build | Stable |
| 18:52 | Research | Double-Bit Axe |
| 18:52 | Research | Horse Collar |
| 19:14 | Build | Blacksmith |
| 19:27 | Create | Scout Cavalry |
| 19:29 | Create | Scout Cavalry |
| 19:41 | Create | Villager (Male) |
| 19:53 | Build | Archery Range |
| 20:20 | Build | Archery Range |
| 20:37 | Build | Dock |
| 20:58 | Build | Market |
| 21:05 | Build | Farm |
| 21:07 | Build | Farm |
| 21:11 | Build | Farm |
| 21:16 | Build | Farm |
| 21:25 | Build | Farm |
| 21:47 | Build | Dock |
| 22:03 | Build | Farm |
| 22:05 | Build | Farm |
| 22:07 | Build | Farm |
| 22:09 | Build | Farm |
| 22:12 | Build | Farm |
| 22:35 | Research | Castle Age |
| 22:47 | Create | Archer ×5 |
| 22:48 | Create | Archer ×5 |
| 23:23 | Create | Spearman |
| 23:24 | Create | Spearman |
| 23:24 | Create | Spearman |
| 23:26 | Create | Spearman |
| 23:38 | Research | Forging |
| 23:50 | Research | Fletching |
| 23:54 | Create | Trade Cog |
| 24:12 | Build | Stable |
| 24:23 | Create | Spearman |
| 24:58 | Build | Farm |
| 25:00 | Build | Farm |
| 25:05 | Build | Farm |
| 25:07 | Build | Farm |
| 25:15 | Age | Castle Age |
| 25:18 | Build | House |
| 25:20 | Build | House |
| 25:21 | Build | House |
| 25:23 | Build | House |
| 25:25 | Build | House |
| 25:26 | Build | House |
| 25:32 | Create | Knight |
| 25:34 | Create | Knight |
| 25:34 | Create | Knight |
| 25:39 | Create | Fishing Ship |
| 25:40 | Create | Fishing Ship |
| 25:50 | Build | Monastery |
| 25:56 | Build | House |
| 25:57 | Build | House |
| 26:00 | Build | House |
| 26:02 | Build | House |
| 26:03 | Build | House |
| 26:13 | Research | Bodkin Arrow |
| 27:11 | Research | Crossbowman (upgrade) |
| 27:59 | Create | Villager (Male) |
| 28:00 | Create | Villager (Male) |
| 28:00 | Create | Villager (Male) |
| 28:00 | Create | Villager (Male) |
| 28:02 | Create | Villager (Male) |
| 28:04 | Create | Trade Cog |
| 28:05 | Create | Trade Cog |
| 28:09 | Create | Fishing Ship |
| 28:09 | Create | Fishing Ship |
| 28:30 | Build | Town Center |
| 28:58 | Create | Knight |
| 28:59 | Create | Knight |
| 29:33 | Create | Villager (Male) |
| 30:44 | Research | Caravan |
| 30:49 | Create | Villager (Male) |
| 30:49 | Create | Villager (Male) |
| 30:50 | Create | Villager (Male) |
| 31:02 | Create | Knight |
| 31:26 | Build | Mining Camp |
| 31:35 | Create | Villager (Male) |
| 31:38 | Create | Villager (Male) |
| 31:39 | Create | Villager (Male) |
| 31:39 | Create | Villager (Male) |
| 31:41 | Create | Villager (Male) |
| 31:50 | Build | Lumber Camp |
| 32:01 | Create | Trade Cog |
| 32:02 | Create | Trade Cog |
| 32:04 | Create | Trade Cog |
| 32:18 | Create | Knight |
| 32:19 | Create | Knight |
| 32:19 | Create | Knight |
| 32:24 | Research | Iron Casting |
| 32:25 | Research | Scale Barding Armor |
| 33:09 | Create | Knight |
| 33:09 | Create | Knight |
| 33:40 | Create | Villager (Male) |
| 33:40 | Create | Villager (Male) |
| 33:40 | Create | Villager (Male) |
| 33:41 | Create | Villager (Male) |
| 33:42 | Create | Villager (Male) |
Build order — RndMax
126 actions detected in the replay
| 1:50 | Build | Dock |
| 2:28 | Build | Town Center |
| 4:53 | Create | Villager (Male) ×5 |
| 4:56 | Research | Loom |
| 6:35 | Create | Villager (Male) ×2 |
| 6:47 | Build | House |
| 6:57 | Build | House |
| 7:03 | Create | Villager (Male) |
| 7:58 | Create | Villager (Male) |
| 7:59 | Research | Loom |
| 8:31 | Create | Villager (Male) ×2 |
| 8:35 | Create | Villager (Male) |
| 8:35 | Create | Villager (Male) |
| 8:40 | Create | Villager (Male) |
| 8:42 | Research | Loom |
| 9:20 | Create | Villager (Male) |
| 9:23 | Create | Villager (Male) |
| 9:25 | Research | Loom |
| 10:15 | Create | Villager (Male) ×3 |
| 10:25 | Build | Lumber Camp |
| 10:47 | Create | Villager (Male) |
| 10:47 | Create | Villager (Male) |
| 10:49 | Research | Loom |
| 11:05 | Build | House |
| 12:16 | Build | Mill |
| 12:32 | Create | Villager (Male) |
| 12:33 | Create | Villager (Male) |
| 12:33 | Create | Villager (Male) |
| 12:33 | Create | Villager (Male) |
| 12:33 | Create | Villager (Male) |
| 12:34 | Create | Villager (Male) |
| 13:25 | Build | Mill |
| 14:20 | Create | Fishing Ship ×4 |
| 14:30 | Build | House |
| 14:31 | Build | House |
| 14:32 | Build | House |
| 14:33 | Build | House |
| 16:50 | Create | Villager (Male) ×5 |
| 17:06 | Build | Farm |
| 17:06 | Build | Farm |
| 17:06 | Build | Farm |
| 17:07 | Build | Farm |
| 17:07 | Build | Farm |
| 17:08 | Build | Farm |
| 18:58 | Create | Villager (Male) |
| 19:08 | Create | Fishing Ship ×4 |
| 20:01 | Research | Feudal Age |
| 21:01 | Build | Lumber Camp |
| 21:17 | Build | Palisade Wall |
| 21:23 | Build | Building 796 |
| 22:11 | Age | Feudal Age |
| 22:14 | Research | Wheelbarrow |
| 22:26 | Build | Mill |
| 22:40 | Build | Building 490 |
| 23:19 | Build | Dock |
| 23:34 | Create | Villager (Male) ×5 |
| 23:53 | Build | Dock |
| 24:09 | Build | Market |
| 24:27 | Research | Double-Bit Axe |
| 24:45 | Build | Stone Wall |
| 24:50 | Build | Building 490 |
| 25:14 | Build | Mining Camp |
| 25:24 | Create | Villager (Male) |
| 25:24 | Create | Villager (Male) |
| 25:24 | Create | Villager (Male) |
| 25:29 | Create | Fishing Ship |
| 26:01 | Research | Town Watch |
| 26:09 | Create | Villager (Male) |
| 26:09 | Create | Villager (Male) |
| 26:25 | Build | Mining Camp |
| 27:04 | Create | Villager (Male) ×5 |
| 27:12 | Research | Gold Mining |
| 27:25 | Research | Tech 906 |
| 27:52 | Create | Fishing Ship |
| 28:07 | Research | Stone Mining |
| 29:27 | Build | Lumber Camp |
| 29:58 | Build | Stone Wall |
| 30:02 | Build | Stone Wall |
| 30:18 | Build | Blacksmith |
| 30:35 | Create | Villager (Male) |
| 30:46 | Research | Fletching |
| 30:51 | Research | Castle Age |
| 31:01 | Create | Fishing Ship ×5 |
| 31:15 | Create | Fishing Ship ×5 |
| 32:06 | Create | Villager (Male) |
| 32:25 | Research | Scale Mail Armor |
| 32:27 | Research | Forging |
| 32:33 | Create | Galley ×5 |
| 32:57 | Build | Mill |
| 33:19 | Build | Lumber Camp |
| 33:40 | Age | Castle Age |
| 33:42 | Research | Hand Cart |
| 33:45 | Research | Bow Saw |
| 33:54 | Research | Gillnets |
| 34:05 | Build | Town Center |
| 34:13 | Research | Town Patrol |
| 34:23 | Create | Villager (Male) |
| 34:24 | Research | Town Patrol |
| 34:40 | Build | House |
| 34:42 | Build | House |
| 34:50 | Build | Dock |
| 34:54 | Build | Lumber Camp |
| 35:29 | Build | House |
| 35:33 | Build | University |
| 35:52 | Research | War Galley (upgrade) |
| 36:10 | Create | Villager (Male) ×5 |
| 36:31 | Research | Bodkin Arrow |
| 36:34 | Create | Villager (Male) ×5 |
| 36:48 | Create | Villager (Male) ×5 |
| 37:01 | Build | Town Center |
| 37:10 | Research | Tech 908 |
| 37:22 | Create | Fishing Ship ×5 |
| 38:12 | Create | Villager (Male) ×5 |
| 38:34 | Create | Galley ×5 |
| 39:36 | Create | Villager (Male) ×5 |
| 39:45 | Create | Villager (Male) ×5 |
| 40:18 | Build | House |
| 40:19 | Build | House |
| 40:19 | Build | House |
| 40:20 | Build | House |
| 40:27 | Build | Farm |
| 40:28 | Build | Farm |
| 40:28 | Build | Farm |
| 40:28 | Build | Farm |
| 40:30 | Build | Farm |
| 40:41 | Research | Ballistics |
Build order — Onox17
118 actions detected in the replay
| 4:37 | Build | Town Center |
| 6:23 | Research | Loom |
| 6:24 | Create | Villager (Male) |
| 6:25 | Create | Villager (Male) |
| 6:25 | Create | Villager (Male) |
| 6:25 | Create | Villager (Male) |
| 6:26 | Create | Villager (Male) |
| 7:25 | Build | House |
| 7:30 | Build | House |
| 9:27 | Build | Dock |
| 9:42 | Create | Villager (Male) |
| 9:42 | Create | Villager (Male) |
| 9:43 | Create | Villager (Male) |
| 9:43 | Create | Villager (Male) |
| 9:43 | Create | Villager (Male) |
| 9:44 | Create | Villager (Male) |
| 10:35 | Create | Villager (Male) |
| 10:44 | Create | Villager (Male) |
| 10:45 | Create | Villager (Male) |
| 10:50 | Create | Villager (Male) |
| 11:01 | Create | Villager (Male) |
| 11:45 | Create | Villager (Male) |
| 11:47 | Create | Villager (Male) |
| 13:27 | Create | Fishing Ship |
| 13:28 | Create | Fishing Ship |
| 13:43 | Build | House |
| 14:54 | Create | Fishing Ship |
| 16:03 | Create | Fishing Ship |
| 17:13 | Create | Fishing Ship |
| 17:31 | Build | Mill |
| 17:37 | Research | Feudal Age |
| 18:02 | Build | House |
| 18:12 | Build | House |
| 18:17 | Build | House |
| 19:28 | Build | Lumber Camp |
| 19:47 | Age | Feudal Age |
| 19:52 | Create | Villager (Male) |
| 19:52 | Create | Villager (Male) |
| 19:52 | Create | Villager (Male) |
| 19:53 | Create | Villager (Male) |
| 19:53 | Create | Villager (Male) |
| 19:53 | Create | Villager (Male) |
| 19:54 | Create | Villager (Male) |
| 19:54 | Create | Villager (Male) |
| 19:54 | Create | Villager (Male) |
| 19:55 | Create | Villager (Male) |
| 19:55 | Create | Villager (Male) |
| 20:16 | Create | Villager (Male) |
| 20:44 | Build | Mining Camp |
| 21:46 | Research | Double-Bit Axe |
| 22:29 | Build | Lumber Camp |
| 23:26 | Build | Stable |
| 23:51 | Create | Villager (Male) |
| 24:13 | Build | Mining Camp |
| 24:33 | Build | Stable |
| 24:36 | Create | Scout Cavalry |
| 24:37 | Create | Scout Cavalry |
| 24:37 | Create | Scout Cavalry |
| 24:37 | Create | Scout Cavalry |
| 24:37 | Create | Scout Cavalry |
| 24:37 | Create | Scout Cavalry |
| 24:38 | Create | Scout Cavalry |
| 24:38 | Create | Scout Cavalry |
| 24:38 | Create | Scout Cavalry |
| 24:39 | Create | Scout Cavalry |
| 24:39 | Create | Scout Cavalry |
| 25:30 | Create | Scout Cavalry |
| 25:31 | Create | Scout Cavalry |
| 25:31 | Create | Scout Cavalry |
| 25:31 | Create | Scout Cavalry |
| 25:32 | Create | Scout Cavalry |
| 25:32 | Create | Scout Cavalry |
| 25:47 | Build | House |
| 26:10 | Build | House |
| 26:15 | Build | House |
| 28:03 | Build | Farm |
| 28:09 | Build | Farm |
| 28:18 | Build | Farm |
| 30:37 | Create | Fishing Ship |
| 30:38 | Create | Fishing Ship |
| 30:38 | Create | Fishing Ship |
| 30:39 | Create | Fishing Ship |
| 30:39 | Create | Fishing Ship |
| 31:46 | Build | Market |
| 32:32 | Research | Bloodlines |
| 32:48 | Build | Farm |
| 32:58 | Build | Farm |
| 33:06 | Build | Farm |
| 34:33 | Create | Scout Cavalry |
| 34:37 | Create | Scout Cavalry |
| 35:09 | Research | Castle Age |
| 37:16 | Create | Trade Cart |
| 37:17 | Create | Trade Cart |
| 37:49 | Age | Castle Age |
| 37:53 | Create | Villager (Male) |
| 37:53 | Create | Villager (Male) |
| 37:53 | Create | Villager (Male) |
| 37:54 | Create | Villager (Male) |
| 37:54 | Create | Villager (Male) |
| 37:54 | Create | Villager (Male) |
| 37:54 | Create | Villager (Male) |
| 37:55 | Create | Villager (Male) |
| 37:55 | Create | Villager (Male) |
| 37:55 | Create | Villager (Male) |
| 37:55 | Create | Villager (Male) |
| 37:56 | Create | Villager (Male) |
| 38:27 | Build | Castle |
| 39:06 | Build | Castle |
| 40:06 | Build | Monastery |
| 40:14 | Build | Farm |
| 40:25 | Research | Tech 905 |
| 40:28 | Research | Tech 906 |
| 40:48 | Build | Farm |
| 41:19 | Build | Farm |
| 41:30 | Create | Monk |
| 41:30 | Create | Monk |
| 41:30 | Create | Monk |
| 41:53 | Research | Gillnets |
Build order — Jacrew
134 actions detected in the replay
| 1:01 | Build | Town Center |
| 2:07 | Build | House |
| 2:08 | Build | House |
| 3:00 | Create | Villager (Male) |
| 3:00 | Create | Villager (Male) |
| 3:01 | Create | Villager (Male) |
| 3:23 | Create | Villager (Male) |
| 3:23 | Create | Villager (Male) |
| 3:26 | Research | Loom |
| 4:28 | Create | Villager (Male) |
| 5:09 | Create | Villager (Male) |
| 5:30 | Create | Villager (Male) |
| 5:45 | Build | Lumber Camp |
| 6:24 | Create | Villager (Male) |
| 6:24 | Create | Villager (Male) |
| 6:25 | Create | Villager (Male) |
| 6:25 | Create | Villager (Male) |
| 6:49 | Build | House |
| 7:36 | Create | Villager (Male) |
| 7:56 | Create | Villager (Male) |
| 8:22 | Create | Villager (Male) |
| 8:45 | Create | Villager (Male) |
| 9:20 | Build | Mill |
| 9:27 | Create | Villager (Male) |
| 10:17 | Create | Villager (Male) |
| 10:17 | Create | Villager (Male) |
| 10:41 | Build | House |
| 10:51 | Create | Villager (Male) |
| 12:04 | Research | Feudal Age |
| 13:14 | Build | House |
| 13:35 | Build | House |
| 13:37 | Create | Villager (Male) |
| 13:38 | Create | Villager (Male) |
| 14:14 | Age | Feudal Age |
| 14:33 | Build | Stable |
| 14:38 | Create | Villager (Male) |
| 14:40 | Create | Villager (Male) |
| 14:41 | Research | Double-Bit Axe |
| 15:04 | Create | Scout Cavalry |
| 15:04 | Create | Scout Cavalry |
| 15:05 | Create | Scout Cavalry |
| 15:05 | Create | Scout Cavalry |
| 15:05 | Create | Scout Cavalry |
| 15:32 | Create | Villager (Male) |
| 15:32 | Create | Villager (Male) |
| 16:00 | Build | House |
| 16:39 | Create | Scout Cavalry |
| 17:36 | Build | Farm |
| 17:36 | Build | Farm |
| 17:37 | Build | Farm |
| 17:39 | Create | Villager (Male) |
| 17:39 | Create | Villager (Male) |
| 17:39 | Create | Villager (Male) |
| 17:49 | Create | Villager (Male) |
| 17:49 | Create | Villager (Male) |
| 18:10 | Create | Villager (Male) |
| 18:11 | Create | Villager (Male) |
| 18:18 | Build | Watch Tower |
| 18:30 | Create | Villager (Male) |
| 18:35 | Build | Mining Camp |
| 18:55 | Create | Scout Cavalry |
| 19:57 | Build | Mining Camp |
| 20:10 | Create | Scout Cavalry |
| 20:10 | Create | Scout Cavalry |
| 20:23 | Build | Farm |
| 20:24 | Create | Villager (Male) |
| 20:25 | Create | Villager (Male) |
| 20:25 | Create | Villager (Male) |
| 21:34 | Build | Mill |
| 21:39 | Create | Villager (Male) |
| 21:40 | Create | Villager (Male) |
| 22:50 | Create | Villager (Male) |
| 22:50 | Create | Villager (Male) |
| 22:51 | Create | Villager (Male) |
| 23:11 | Build | Barracks |
| 23:37 | Create | Spearman |
| 23:37 | Create | Spearman |
| 24:11 | Create | Spearman |
| 24:21 | Build | Farm |
| 24:21 | Build | Farm |
| 24:21 | Build | Farm |
| 24:22 | Build | Farm |
| 24:22 | Build | Farm |
| 24:49 | Create | Villager (Male) |
| 24:49 | Create | Villager (Male) |
| 25:09 | Build | House |
| 25:16 | Build | House |
| 25:25 | Create | Spearman |
| 25:25 | Create | Spearman |
| 25:31 | Build | House |
| 26:18 | Create | Villager (Male) |
| 26:19 | Create | Villager (Male) |
| 26:46 | Build | Dock |
| 26:54 | Create | Villager (Male) |
| 27:30 | Create | Villager (Male) |
| 27:30 | Create | Villager (Male) |
| 27:48 | Create | Fishing Ship ×2 |
| 27:57 | Build | Lumber Camp |
| 28:17 | Create | Villager (Male) |
| 28:54 | Build | Mining Camp |
| 29:02 | Build | Market |
| 29:46 | Research | Castle Age |
| 29:46 | Research | Castle Age |
| 30:22 | Create | Spearman |
| 30:48 | Create | Fishing Ship ×5 |
| 30:58 | Build | House |
| 30:58 | Build | House |
| 31:00 | Build | House |
| 31:01 | Build | House |
| 31:34 | Build | Blacksmith |
| 31:40 | Build | Farm |
| 31:47 | Create | Villager (Male) ×5 |
| 32:26 | Age | Castle Age |
| 32:41 | Build | Siege Workshop |
| 32:47 | Build | Lumber Camp |
| 32:55 | Create | Battle Elephant |
| 32:56 | Create | Battle Elephant |
| 32:57 | Create | Battle Elephant |
| 33:18 | Create | Mangonel |
| 33:50 | Build | Farm |
| 34:20 | Build | Monastery |
| 34:52 | Create | Battering Ram |
| 35:13 | Create | Villager (Male) ×5 |
| 35:42 | Build | Town Center |
| 35:53 | Create | Fire Galley |
| 36:43 | Build | Town Center |
| 37:14 | Create | Villager (Male) ×5 |
| 37:19 | Create | Villager (Male) ×5 |
| 37:38 | Research | Bow Saw |
| 37:43 | Create | Mangonel |
| 38:20 | Create | Mangonel |
| 39:32 | Create | Villager (Male) |
| 39:32 | Create | Villager (Male) |
| 39:32 | Create | Villager (Male) |
Build order — nasta
First 150 of 247 actions detected
| 0:06 | Build | Town Center |
| 1:00 | Build | Dock |
| 1:03 | Build | House |
| 2:28 | Create | Villager (Male) |
| 2:28 | Create | Villager (Male) |
| 2:28 | Create | Villager (Male) |
| 2:28 | Create | Villager (Male) |
| 2:29 | Create | Villager (Male) |
| 3:50 | Create | Villager (Male) |
| 3:50 | Create | Villager (Male) |
| 3:54 | Create | Fishing Ship |
| 3:55 | Create | Fishing Ship |
| 4:32 | Create | Villager (Male) |
| 4:32 | Create | Villager (Male) |
| 5:11 | Create | Fishing Ship |
| 5:11 | Create | Fishing Ship |
| 5:12 | Create | Fishing Ship |
| 5:19 | Create | Villager (Male) |
| 5:19 | Create | Villager (Male) |
| 6:13 | Create | Villager (Male) |
| 6:14 | Create | Villager (Male) |
| 6:17 | Create | Fishing Ship |
| 6:40 | Create | Villager (Male) |
| 6:40 | Create | Villager (Male) |
| 6:52 | Research | Loom |
| 7:09 | Build | House |
| 7:20 | Create | Villager (Male) |
| 7:20 | Create | Villager (Male) |
| 7:21 | Create | Villager (Male) |
| 7:21 | Create | Villager (Male) |
| 7:21 | Create | Villager (Male) |
| 7:55 | Create | Villager (Male) |
| 8:48 | Create | Villager (Male) |
| 9:20 | Create | Villager (Male) |
| 9:26 | Build | House |
| 9:41 | Create | Fishing Ship |
| 9:48 | Build | House |
| 10:13 | Build | Lumber Camp |
| 10:21 | Create | Villager (Male) |
| 10:48 | Research | Feudal Age |
| 11:05 | Build | Mining Camp |
| 11:53 | Build | Dock |
| 12:14 | Create | Villager (Male) |
| 12:14 | Create | Villager (Male) |
| 12:54 | Build | Dock |
| 13:01 | Create | Fishing Ship |
| 13:01 | Create | Fishing Ship |
| 13:03 | Create | Fishing Ship |
| 13:13 | Age | Feudal Age |
| 13:28 | Build | Blacksmith |
| 13:48 | Create | Villager (Male) |
| 14:11 | Build | Mining Camp |
| 14:22 | Create | Villager (Male) |
| 14:51 | Build | Mill |
| 15:01 | Create | Villager (Male) |
| 15:02 | Create | Villager (Male) |
| 15:27 | Create | Galley |
| 15:27 | Create | Galley |
| 15:55 | Build | Market |
| 16:07 | Create | Villager (Male) |
| 16:08 | Create | Villager (Male) |
| 16:31 | Research | Castle Age |
| 16:53 | Research | Wheelbarrow |
| 16:55 | Research | Double-Bit Axe |
| 17:03 | Create | Galley |
| 17:03 | Create | Galley |
| 17:47 | Research | Stone Mining |
| 17:55 | Build | House |
| 17:57 | Build | House |
| 18:03 | Create | Galley |
| 18:04 | Create | Galley |
| 18:06 | Create | Galley |
| 18:06 | Create | Galley |
| 18:42 | Research | Fletching |
| 19:02 | Create | Fishing Ship |
| 19:02 | Create | Fishing Ship |
| 19:06 | Build | House |
| 19:23 | Research | Tech 906 |
| 19:37 | Age | Castle Age |
| 19:54 | Create | Villager (Male) |
| 19:54 | Create | Villager (Male) |
| 19:58 | Build | Monastery |
| 20:27 | Create | Villager (Male) |
| 20:27 | Create | Villager (Male) |
| 20:37 | Research | War Galley (upgrade) |
| 21:12 | Build | Castle |
| 21:27 | Create | Monk |
| 21:48 | Build | House |
| 21:49 | Build | House |
| 21:50 | Build | House |
| 22:31 | Build | Town Center |
| 22:39 | Research | Fervor |
| 22:55 | Create | Villager (Male) |
| 22:56 | Create | Villager (Male) |
| 22:56 | Create | Villager (Male) |
| 23:23 | Build | House |
| 23:25 | Build | House |
| 23:26 | Build | House |
| 23:44 | Create | Villager (Male) |
| 23:44 | Create | Villager (Male) |
| 23:44 | Create | Villager (Male) |
| 23:56 | Research | Bodkin Arrow |
| 23:56 | Research | Padded Archer Armor |
| 24:29 | Build | Town Center |
| 24:38 | Create | Villager (Male) |
| 24:39 | Create | Villager (Male) |
| 24:39 | Create | Villager (Male) |
| 24:43 | Build | Lumber Camp |
| 25:18 | Build | Barracks |
| 25:21 | Create | Villager (Male) |
| 25:21 | Create | Villager (Male) |
| 25:22 | Create | Villager (Male) |
| 25:23 | Create | Villager (Male) |
| 25:24 | Create | Villager (Male) |
| 25:25 | Create | Villager (Male) |
| 25:32 | Research | Stone Shaft Mining |
| 25:34 | Research | Gold Mining |
| 25:43 | Research | Sanctity |
| 25:48 | Create | Monk |
| 26:20 | Build | Archery Range |
| 26:21 | Build | Archery Range |
| 26:24 | Build | Archery Range |
| 26:41 | Create | Villager (Male) |
| 26:41 | Create | Villager (Male) |
| 26:42 | Create | Villager (Male) |
| 26:42 | Create | Villager (Male) |
| 26:43 | Create | Villager (Male) |
| 26:43 | Create | Villager (Male) |
| 26:43 | Research | Town Watch |
| 27:01 | Research | Leather Archer Armor |
| 27:14 | Build | Archery Range |
| 27:20 | Research | Thumb Ring |
| 27:32 | Create | Villager (Male) |
| 28:10 | Build | Dock |
| 28:28 | Research | Horse Collar |
| 28:34 | Build | Farm |
| 28:34 | Build | Farm |
| 28:35 | Build | Farm |
| 28:35 | Build | Farm |
| 28:36 | Build | Farm |
| 28:39 | Build | Farm |
| 28:41 | Build | Farm |
| 28:44 | Build | Farm |
| 28:48 | Create | Villager (Male) |
| 28:48 | Create | Villager (Male) |
| 28:49 | Create | Villager (Male) |
| 28:49 | Create | Villager (Male) |
| 29:11 | Build | Lumber Camp |
| 29:20 | Build | Farm |
| 29:36 | Create | Villager (Male) |
Build order — moises.troncoso.1990
97 actions detected in the replay
| 1:18 | Build | Town Center |
| 4:32 | Build | Town Center |
| 7:13 | Create | Villager (Male) |
| 7:13 | Create | Villager (Male) |
| 7:55 | Build | House |
| 8:10 | Create | Villager (Male) |
| 8:19 | Research | Loom |
| 8:38 | Build | House |
| 8:41 | Create | Villager (Male) |
| 8:42 | Create | Villager (Male) |
| 10:38 | Build | Lumber Camp |
| 11:47 | Create | Villager (Male) |
| 12:16 | Build | Mill |
| 13:30 | Build | Barracks |
| 14:44 | Create | Militia |
| 14:44 | Create | Militia |
| 14:53 | Build | Farm |
| 15:59 | Build | Farm |
| 16:38 | Build | Farm |
| 17:32 | Create | Villager (Male) |
| 17:52 | Build | Farm |
| 18:15 | Create | Villager (Male) |
| 18:21 | Build | Farm |
| 18:48 | Create | Villager (Male) |
| 19:31 | Create | Villager (Male) |
| 20:03 | Create | Villager (Male) |
| 20:12 | Build | Farm |
| 20:15 | Build | Farm |
| 20:24 | Build | Farm |
| 20:52 | Create | Villager (Male) |
| 20:54 | Create | Villager (Male) |
| 21:05 | Build | House |
| 21:10 | Build | House |
| 21:48 | Create | Villager (Male) |
| 21:49 | Create | Villager (Male) |
| 22:22 | Create | Militia |
| 22:23 | Create | Militia |
| 23:04 | Create | Villager (Male) |
| 23:04 | Create | Villager (Male) |
| 23:45 | Create | Villager (Male) |
| 24:06 | Build | Farm |
| 24:10 | Build | Farm |
| 24:16 | Build | Farm |
| 24:36 | Create | Villager (Male) |
| 24:37 | Create | Villager (Male) |
| 25:25 | Build | House |
| 25:29 | Build | House |
| 25:33 | Build | House |
| 25:37 | Build | House |
| 25:43 | Build | House |
| 26:33 | Create | Villager (Male) |
| 27:58 | Research | Feudal Age |
| 28:09 | Build | Farm |
| 28:11 | Build | Farm |
| 28:14 | Build | Farm |
| 29:28 | Build | Barracks |
| 30:05 | Create | Villager (Male) |
| 30:05 | Create | Villager (Male) |
| 30:08 | Age | Feudal Age |
| 30:17 | Build | House |
| 30:35 | Create | Eagle Scout |
| 30:36 | Create | Eagle Scout |
| 30:36 | Create | Eagle Scout |
| 30:36 | Create | Eagle Scout |
| 30:36 | Create | Eagle Scout |
| 30:37 | Create | Eagle Scout |
| 30:37 | Create | Eagle Scout |
| 30:37 | Create | Eagle Scout |
| 30:46 | Build | House |
| 30:54 | Build | House |
| 30:59 | Create | Villager (Male) |
| 30:59 | Create | Villager (Male) |
| 33:13 | Create | Eagle Scout |
| 33:14 | Create | Eagle Scout |
| 33:14 | Create | Eagle Scout |
| 33:14 | Create | Eagle Scout |
| 33:15 | Create | Eagle Scout |
| 33:15 | Create | Eagle Scout |
| 33:15 | Create | Eagle Scout |
| 33:15 | Create | Eagle Scout |
| 33:15 | Create | Eagle Scout |
| 33:16 | Create | Eagle Scout |
| 34:16 | Create | Villager (Male) |
| 34:16 | Create | Villager (Male) |
| 34:16 | Create | Villager (Male) |
| 35:26 | Create | Eagle Scout |
| 35:26 | Create | Eagle Scout |
| 35:27 | Create | Eagle Scout |
| 35:27 | Create | Eagle Scout |
| 36:05 | Create | Eagle Scout |
| 36:05 | Create | Eagle Scout |
| 36:32 | Create | Villager (Male) |
| 36:32 | Create | Villager (Male) |
| 36:32 | Create | Villager (Male) |
| 36:33 | Create | Villager (Male) |
| 37:14 | Create | Villager (Male) |
| 37:15 | Create | Villager (Male) |
Build order — JANTY
First 150 of 177 actions detected
| 1:28 | Build | Town Center |
| 2:34 | Build | House |
| 2:45 | Build | House |
| 2:46 | Build | House |
| 2:48 | Build | House |
| 3:38 | Create | Villager (Male) |
| 3:38 | Create | Villager (Male) |
| 3:38 | Create | Villager (Male) |
| 3:39 | Create | Villager (Male) |
| 3:39 | Create | Villager (Male) |
| 5:09 | Create | Villager (Male) |
| 5:09 | Create | Villager (Male) |
| 5:52 | Create | Villager (Male) |
| 5:53 | Create | Villager (Male) |
| 6:24 | Create | Villager (Male) |
| 6:24 | Create | Villager (Male) |
| 6:24 | Create | Villager (Male) |
| 6:47 | Create | Villager (Male) |
| 7:13 | Create | Villager (Male) |
| 7:13 | Create | Villager (Male) |
| 8:03 | Create | Villager (Male) |
| 8:04 | Create | Villager (Male) |
| 8:04 | Create | Villager (Male) |
| 8:04 | Create | Villager (Male) |
| 8:23 | Build | Settlement |
| 9:38 | Build | Farm |
| 9:45 | Build | Farm |
| 10:28 | Create | Villager (Male) |
| 10:29 | Create | Villager (Male) |
| 10:29 | Create | Villager (Male) |
| 10:29 | Create | Villager (Male) |
| 10:29 | Create | Villager (Male) |
| 10:30 | Create | Villager (Male) |
| 10:30 | Create | Villager (Male) |
| 11:21 | Build | Farm |
| 11:48 | Build | Farm |
| 12:17 | Build | Farm |
| 12:27 | Create | Villager (Male) |
| 12:27 | Create | Villager (Male) |
| 13:14 | Create | Villager (Male) |
| 13:15 | Create | Villager (Male) |
| 13:51 | Build | House |
| 13:52 | Build | House |
| 13:55 | Build | House |
| 14:00 | Build | House |
| 14:07 | Build | Farm |
| 14:16 | Build | Farm |
| 14:25 | Build | Farm |
| 14:29 | Build | Farm |
| 14:33 | Build | Farm |
| 14:52 | Build | Settlement |
| 14:59 | Create | Villager (Male) |
| 14:59 | Create | Villager (Male) |
| 15:00 | Create | Villager (Male) |
| 15:00 | Create | Villager (Male) |
| 15:01 | Create | Villager (Male) |
| 15:29 | Build | House |
| 15:48 | Build | Farm |
| 15:49 | Build | Farm |
| 16:03 | Build | House |
| 16:05 | Build | House |
| 16:06 | Build | House |
| 16:10 | Build | House |
| 16:22 | Build | Farm |
| 16:27 | Create | Villager (Male) |
| 16:28 | Create | Villager (Male) |
| 16:28 | Create | Villager (Male) |
| 16:31 | Build | Farm |
| 16:44 | Build | Farm |
| 17:24 | Create | Villager (Male) |
| 17:47 | Build | House |
| 17:48 | Build | House |
| 17:56 | Build | House |
| 18:37 | Build | Barracks |
| 19:01 | Build | Barracks |
| 19:05 | Create | Villager (Male) |
| 19:05 | Create | Villager (Male) |
| 19:10 | Research | Loom |
| 19:37 | Create | Unit 2550 |
| 19:38 | Create | Unit 2550 |
| 19:45 | Create | Villager (Male) |
| 19:45 | Create | Villager (Male) |
| 19:49 | Research | Feudal Age |
| 20:46 | Build | Settlement |
| 21:07 | Create | Unit 2550 |
| 21:31 | Create | Unit 2550 |
| 21:59 | Age | Feudal Age |
| 22:09 | Research | Town Watch |
| 22:09 | Research | Wheelbarrow |
| 22:14 | Research | Tech 1402 |
| 23:01 | Research | Arson |
| 23:23 | Build | Blacksmith |
| 23:36 | Create | Villager (Male) |
| 23:36 | Create | Villager (Male) |
| 23:52 | Create | Spearman |
| 23:54 | Create | Spearman |
| 23:55 | Create | Spearman |
| 23:56 | Create | Spearman |
| 23:56 | Create | Spearman |
| 23:57 | Create | Spearman |
| 23:57 | Create | Spearman |
| 23:58 | Create | Spearman |
| 23:59 | Create | Spearman |
| 24:01 | Create | Spearman |
| 24:18 | Build | Market |
| 25:18 | Create | Villager (Male) |
| 25:18 | Create | Villager (Male) |
| 25:18 | Create | Villager (Male) |
| 25:22 | Create | Villager (Male) |
| 25:23 | Create | Villager (Male) |
| 25:23 | Create | Villager (Male) |
| 25:34 | Research | Horse Collar |
| 25:37 | Research | Double-Bit Axe |
| 25:41 | Research | Gold Mining |
| 25:50 | Build | Archery Range |
| 26:22 | Create | Unit 2550 ×5 |
| 26:24 | Create | Unit 2550 ×4 |
| 26:41 | Create | Unit 2550 |
| 28:15 | Build | Dock |
| 28:30 | Research | Castle Age |
| 28:41 | Create | Skirmisher |
| 28:42 | Create | Skirmisher |
| 28:42 | Create | Skirmisher |
| 28:42 | Create | Skirmisher |
| 28:43 | Create | Skirmisher |
| 29:06 | Build | Archery Range |
| 29:09 | Research | Forging |
| 29:10 | Research | Scale Mail Armor |
| 29:10 | Research | Fletching |
| 29:11 | Research | Padded Archer Armor |
| 29:45 | Build | House |
| 29:58 | Build | Stone Wall |
| 30:32 | Create | Skirmisher ×5 |
| 30:33 | Create | Skirmisher ×5 |
| 31:04 | Create | Skirmisher ×5 |
| 31:10 | Age | Castle Age |
| 31:20 | Research | Tech 1351 |
| 31:22 | Research | Squires |
| 31:23 | Research | Pikeman (upgrade) |
| 32:02 | Build | University |
| 32:07 | Build | Farm |
| 32:14 | Research | Town Patrol |
| 32:14 | Research | Hand Cart |
| 32:52 | Research | Bodkin Arrow |
| 33:50 | Create | Spearman ×5 |
| 33:50 | Create | Spearman ×5 |
| 33:58 | Build | Farm |
| 34:02 | Create | Villager (Male) ×4 |
| 34:21 | Build | Town Center |
| 34:38 | Build | Stone Wall |
Match timeline
| 1:00 | nasta · first_building Dock |
| 1:50 | RndMax · first_building Dock |
| 2:41 | 07jriley · first_building Dock |
| 9:27 | Onox17 · first_building Dock |
| 11:05 | 07jriley · first_building Barracks |
| 13:13 | nasta · age_up feudal |
| 13:30 | moises.troncoso.1990 · first_building Barracks |
| 14:14 | Jacrew · age_up feudal |
| 14:33 | Jacrew · first_building Stable |
| 14:43 | GuilhermeGui27 · first_building Barracks |
| 17:29 | 07jriley · age_up feudal |
| 17:38 | 07jriley · first_building Stable |
| 18:18 | GuilhermeGui27 · age_up feudal |
| 18:37 | JANTY · first_building Barracks |
| 18:37 | GuilhermeGui27 · first_building Stable |
| 19:37 | nasta · age_up castle |
| 19:47 | Onox17 · age_up feudal |
| 19:53 | GuilhermeGui27 · first_building Archery Range |
| 19:58 | nasta · first_building Monastery |
| 20:37 | GuilhermeGui27 · first_building Dock |
| 21:12 | nasta · first_building Castle |
| 21:17 | RndMax · wall_segment Palisade Wall x18 |
| 21:59 | JANTY · age_up feudal |
| 22:11 | RndMax · age_up feudal |
| 22:26 | nasta · first_market_sell 100 food |
| 22:27 | nasta · first_market_buy 100 stone |
| 23:11 | Jacrew · first_building Barracks |
| 23:26 | Onox17 · first_building Stable |
| 24:45 | RndMax · wall_segment Stone Wall x11 |
| 25:15 | GuilhermeGui27 · age_up castle |
| 25:18 | nasta · first_building Barracks |
| 25:34 | 07jriley · first_market_buy 100 stone |
| 25:50 | JANTY · first_building Archery Range |
| 25:50 | GuilhermeGui27 · first_building Monastery |
| 26:20 | nasta · first_building Archery Range |
| 26:28 | 07jriley · age_up castle |
| 26:31 | 07jriley · first_building Castle |
| 26:36 | JANTY · first_market_sell 500 wood |
| 26:46 | Jacrew · first_building Dock |
| 28:15 | JANTY · first_building Dock |
| 29:29 | Jacrew · first_market_sell 100 wood |
| 29:58 | JANTY · wall_segment Stone Wall x1 |
| 29:58 | RndMax · wall_segment Stone Wall x7 |
| 30:02 | RndMax · wall_segment Stone Wall x6 |
| 30:08 | moises.troncoso.1990 · age_up feudal |
| 30:58 | 07jriley · wall_segment Stone Wall x7 |
| 31:10 | JANTY · age_up castle |
| 31:41 | 07jriley · wall_segment Stone Wall x1 |
| 32:10 | GuilhermeGui27 · first_market_sell 100 food |
| 32:26 | Jacrew · age_up castle |
| 32:41 | Jacrew · first_building Siege Workshop |
| 33:40 | RndMax · age_up castle |
| 34:20 | Jacrew · first_building Monastery |
| 34:38 | JANTY · wall_segment Stone Wall x27 |
| 34:43 | Onox17 · first_market_buy 100 food |
| 36:39 | Jacrew · first_market_buy 100 stone |
| 37:10 | GuilhermeGui27 · first_building Castle |
| 37:23 | 07jriley · first_building Siege Workshop |
| 37:45 | moises.troncoso.1990 · resign |
| 37:49 | Onox17 · age_up castle |
| 37:51 | nasta · age_up imperial |
| 38:27 | Onox17 · first_building Castle |
| 38:53 | GuilhermeGui27 · first_market_buy 100 stone |
| 39:11 | GuilhermeGui27 · age_up imperial |
| 39:26 | 07jriley · age_up imperial |
| 39:55 | JANTY · first_building Castle |
| 40:06 | Onox17 · first_building Monastery |
| 40:17 | 07jriley · first_market_sell 100 wood |
| 41:43 | RndMax · first_market_sell 500 food |
[ AI ANALYSIS · 1 CREDIT ]
What really happened in this match?
Wolo.gg analyzes every decision: build order, eco, micro, common mistakes by bracket. Personalized analysis on WhatsApp or Discord in 30 seconds.
Civ guide
Khitans
Map guide
Nomad
Perfil
07jriley